 Dungeon Crawl Stone Soup version 0.27.1-1-g398f81649c (webtiles) character file.

Game seed: 16367650498670537596

36 MisterFreud the Shield-Bearer (level 3, 0/35 HPs)
             Began as a Gnoll Fighter on Sept 7, 2021.
             Was a Follower of Qazlal.
             Succumbed to an orc's poison
             ... on level 2 of the Dungeon.
             The game lasted 00:01:18 (825 turns).

MisterFreud the Shield-Bearer (Gnoll Fighter)        Turns: 825, Time: 00:01:19

Health: 0/35       AC:  7    Str: 15    XL:     3   Next: 37%
Magic:  4/4        EV:  7    Int:  8    God:    Qazlal [*.....]
Gold:   29         SH: 12    Dex: 13    Spells: 3/3 levels left

rFire    . . .     SeeInvis .   a - +0 rapier
rCold    . . .     Faith    .   c - +0 kite shield
rNeg     . . .     Spirit   .   b - +0 scale mail
rPois    .         Reflect  .   (no helmet)
rElec    .         Harm     .   (no cloak)
rCorr    .         Rampage  .   (no gloves)
Will     .....                  (no boots)
Stlth    ..........             (no amulet)
HPRegen  0.11/turn              (no ring)
MPRegen  0.09/turn              (no ring)

@: lethally poisoned (0 -> -5), flying
A: fangs 1, strong nose, distributed training, agile 1, evolution 1, MP-powered
wands
a: Renounce Religion


You were on level 2 of the Dungeon.
You worshipped Qazlal.
Qazlal was aware of your devotion.
You visited 1 branch of the dungeon, and saw 2 of its levels.

You collected 29 gold pieces.

Inventory:

Hand Weapons
 a - a +0 rapier (weapon)
Armour
 b - a +0 scale mail (worn)
 c - a +0 kite shield (worn)
Scrolls
 g - a scroll of immolation {unknown}
Potions
 d - a potion of might
 i - a potion of invisibility {unknown}


   Skills:
 + Level 6.5 Fighting
 + Level 4.5 Short Blades
 + Level 0.7 Long Blades
 + Level 0.7 Axes
 + Level 0.7 Maces & Flails
 + Level 0.7 Polearms
 + Level 0.7 Staves
 + Level 0.7 Slings
 + Level 0.7 Bows
 + Level 0.7 Crossbows
 + Level 0.7 Throwing
 + Level 6.5 Armour
 + Level 0.7 Dodging
 + Level 0.7 Stealth
 + Level 6.5 Shields
 + Level 0.7 Unarmed Combat
 + Level 0.7 Spellcasting
 + Level 0.5 Conjurations
 + Level 0.5 Hexes
 + Level 0.5 Summonings
 + Level 0.5 Necromancy
 + Level 0.5 Translocations
 + Level 0.5 Transmutations
 + Level 0.5 Fire Magic
 + Level 0.5 Ice Magic
 + Level 0.5 Air Magic
 + Level 0.5 Earth Magic
 + Level 0.5 Poison Magic
 + Level 0.9 Invocations
 + Level 0.7 Evocations


You had 3 spell levels left.
You didn't know any spells.
Your spell library was empty.

Dungeon Overview and Level Annotations

Branches:
Dungeon (2/15)

Altars:
Qazlal


Innate Abilities, Weirdness & Mutations

You have very sharp teeth.
Your uncanny sense of smell can sniff out nearby items.
Your experience applies equally to all skills.
You are agile. (Dex +2)
You evolve.
You expend magic power (3 MP) to strengthen your wands.


Message History

You closely miss the orc.
The orc is moderately wounded.
You block the orc's attack.
You barely miss the orc.
The orc is moderately wounded.
You block the orc's attack.
You hit the orc.
You kill the orc!
Qazlal accepts your kill.
The orc hits you with a +2 whip of venom.
You are poisoned.
You hit the orc.
The orc is lightly wounded.
You feel very sick. You block the orc's attack.
You closely miss the orc.
The orc is lightly wounded.
You feel sick. The orc hits you but does no damage.
You are lethally poisoned!
You hit the orc.
You kill the orc!
Qazlal accepts your kill.
* * * LOW HITPOINT WARNING * * *
You feel very sick.
* * * LOW HITPOINT WARNING * * *
You feel very sick.
Items here: ))) [[[ ††††.
It was a potion of mutation.
You feel extremely strange.
You feel agile.
You feel nature experimenting on you.
Don't worry, failures die fast.
You feel your magical essence link to the dungeon's wands.
* * * LOW HITPOINT WARNING * * *
You feel sick.
It was a potion of flight.
You feel very buoyant.
You fly up into the air.
* * * LOW HITPOINT WARNING * * *
You feel sick.
It was a potion of magic.
Magic courses through your body.
You die...

... ..# ... # ∆ #o# .# #o#
.# # #.###.##.#
#.######.#.......
#.....@......#
########.#.### #.#.#
######.#.####.#
.############.............#
............#.#############
.###.####.#.#.####### #.#
#.#.......... #.#
##.###.#######


There were no monsters in sight!

Vanquished Creatures
  A worm (D:2)
  3 orcs (D:2)
  2 endoplasms (D:2)
  2 giant cockroaches
  A goblin (D:1)
  2 hobgoblins (D:1)
  6 jackals
  A quokka (D:1)
  3 ball pythons (D:1)
  A bat (D:1)
  3 kobolds (D:1)
  2 rats
27 creatures vanquished.

Notes
Turn   | Place    | Note
-------+----------+-------------------------------------------
     0 | D:1      | MisterFreud the Gnoll Fighter began the quest for the Orb.
     0 | D:1      | Reached XP level 1. HP: 23/23 MP: 1/1
   175 | D:1      | Reached XP level 2. HP: 27/29 MP: 2/2
   506 | D:1      | Found a faded altar of an unknown god.
   514 | D:1      | Became a worshipper of Qazlal Stormbringer
   514 | D:1      | Reached * piety under Qazlal
   585 | D:2      | Reached XP level 3. HP: 15/35 MP: 3/3
   823 | D:2      | Gained mutation: You are agile. (Dex +2) [potion of
                  | mutation]
   823 | D:2      | Gained mutation: You evolve. [potion of mutation]
   823 | D:2      | Gained mutation: You expend magic power (3 MP) to
                  | strengthen your wands. [potion of mutation]
   824 | D:2      | HP: 1/35 [poisoned by an orc]
   825 | D:2      | Succumbed to an orc's poison

Illustrated notes

Levels and vault maps discovered:
D:1:      giann_bridges, layout_rooms, shapermc_ecumenical_altar_pompeii
D:2:      layout_loops_ring, feat_on_display

Action                   || total
-------------------------++-------
Melee: Rapier            ||    79
       Bite              ||     6
  Use: Potion            ||     3
Armor: Scale mail        ||    25
Dodge: Dodged            ||    18
Block: Kite shield       ||    35
